 Dungeon Crawl Stone Soup version 0.31.0-11-ge490571c62 (webtiles) character file.

Game seed: 5164015071271654385

58 Gadfly the Insei (level 3, 0/29 HPs)
             Began as a Demonspawn Monk on Feb 5, 2024.
             Killed from afar by an orc wizard (5 damage)
             ... with a magic dart
             ... on level 3 of the Dungeon.
             The game lasted 00:02:05 (1518 turns).

Gadfly the Insei (Demonspawn Monk)                  Turns: 1518, Time: 00:02:07

Health: 0/29       AC:  3    Str: 12 (13) XL:     3   Next: 75%
Magic:  3/3        EV: 13    Int:  8 (10) God:
Gold:   35         SH:  0    Dex: 15      Spells: 2/2 levels left

rFire   . . .        b - +1 hand axe (freeze)
rCold   . . .        c - orb {light}
rNeg    + . .        a - +0 robe
rPois   .            (helmet restricted)
rElec   .            (no cloak)
rCorr   .            (no gloves)
SInv    .            j - +0 pair of boots
Will    .....        (no amulet)
Stlth   +            k - ring of positive energy
HPRegen 0.24/turn    (no ring)
MPRegen 0.08/turn

%: no passive effects
@: glowing
A: horns 1
a: no special abilities


You were on level 3 of the Dungeon.
You visited 1 branch of the dungeon, and saw 3 of its levels.

You collected 35 gold pieces.

Inventory:

Hand Weapons
 b - a +1 hand axe of freezing (weapon)
Armour
 a - a +0 robe (worn)
 c - an orb of light (worn)
 j - a +0 pair of boots (worn)
Jewellery
 k - a ring of positive energy (left hand)
Scrolls
 f - 2 scrolls of fear
Potions
 d - a potion of attraction
 g - 2 potions of might
 h - 2 potions of enlightenment
 i - a potion of haste {unknown}


   Skills:
 - Level 3.0 Fighting
 + Level 3.0 Dodging
 * Level 3.2 Unarmed Combat
 * Level 1.6 Evocations
 * Level 1.2 Shapeshifting


You had 2 spell levels left.
You didn't know any spells.
Your spell library contained the following spells:

 Spells                   Type           Power      Damage    Failure   Level
 Gell's Gravitas          Tloc           0%         N/A       78%         3
 Teleport Other           Tloc           0%         N/A       78%         3
 Dispersal                Tloc           0%         N/A       100%        6


Dungeon Overview and Level Annotations

Branches:
Dungeon (3/15)

Altars:


Innate Abilities, Weirdness & Mutations

You have a pair of small horns on your head.


Message History

An orc wizard is nearby!
The orc wizard casts a spell at you. The magic dart hits you.
The orc wizard misses you.
You hit the orc wizard but do no damage.
Your headbutt misses the orc wizard. The orc wizard misses you.
You barely miss the orc wizard. You headbutt the orc wizard.
The orc wizard is lightly wounded.
The orc wizard casts a spell at you. The puff of flame hits you!
The orc wizard hits you with a +0 dagger.
You are too injured to fight recklessly!
You are too injured to fight recklessly!
You are too injured to fight recklessly!
You are too injured to fight recklessly!
You are too injured to fight recklessly!
You are too injured to fight recklessly!
You are too injured to fight recklessly!
You are too injured to fight recklessly!
You are too injured to fight recklessly!
You are too injured to fight recklessly!
You are too injured to fight recklessly!
An orc wizard is nearby!
An orc wizard is nearby!
Unknown command.
You closely miss the orc wizard. You headbutt the orc wizard.
The orc wizard is moderately wounded.
The orc wizard barely misses you.
The orc wizard hits you but does no damage.
You hit the orc wizard. You freeze the orc wizard.
The orc wizard is heavily wounded.
The orc wizard hits you with a +0 dagger.
* * * LOW HITPOINT WARNING * * *
You hit the orc wizard but do no damage.
The orc wizard is heavily wounded.
The orc wizard hits you with a +0 dagger.
* * * LOW HITPOINT WARNING * * *
The orc wizard casts a spell at you. The magic dart hits you.
You die...

## . . .#
####.#
#####....###.
#<....o......
#)###@#######
#.# #.# ...
#.# .... ...
##...##..
##.###..# #.#
#..# ....


You could see an orc wizard.

Vanquished Creatures
  An adder (D:2)
  2 dart slugs (D:1)
  A ribbon worm (D:2)
  4 orcs
  9 ball pythons
  3 endoplasms
  2 giant cockroaches (D:2)
  3 goblins
  2 jackals (D:1)
  A bat (D:2)
  3 frilled lizards (D:1)
  3 kobolds
  6 rats
40 creatures vanquished.

Notes
Turn   | Place    | Note
-------+----------+-------------------------------------------
     0 | D:1      | Gadfly the Demonspawn Monk began the quest for the Orb.
     0 | D:1      | Reached XP level 1. HP: 18/18 MP: 1/1
    95 | D:1      | Gained mutation: You have a pair of small horns on your
                  | head. [demonic ancestry]
    95 | D:1      | Reached XP level 2. HP: 16/24 MP: 2/2
   298 | D:1      | Reached skill level 1 in Evocations
   823 | D:2      | Reached skill level 1 in Shapeshifting
   941 | D:2      | Reached XP level 3. HP: 26/29 MP: 3/3
  1518 | D:3      | Killed from afar by an orc wizard

Illustrated notes

Levels and vault maps discovered:
D:1:      minmay_arrival_four_houses, layout_loops_ring
D:2:      layout_basic, glass_columns_a
D:3:      layout_loops_ring, shapermc_ecumenical_altar_venn

Skill      XL: |  1  2  3 |
---------------+----------+-----
Evocations     | 1 |  1.6
Unarmed Combat | 3 |  3.2
Shapeshifting  | 1 |  1.2
Dodging        | 3 |  3.0
Fighting       | |  3.0

Action                     || total
---------------------------++-------
  Melee: Unarmed           ||   108
         Headbutt          ||    22
         Hand axe          ||     7
    Use: Scroll            ||     8
         Potion            ||     2
   Stab: Sleeping          ||     1
 Armour: Robe              ||    70
  Dodge: Dodged            ||    73
